 Dungeon Crawl Stone Soup version 0.19.4-9-g45fd643 (webtiles) character file.

70 Rrauwl the Cudgeler (level 4, -8/26 HPs)
             Began as a Gargoyle Gladiator on Feb 17, 2017.
             Killed by divine providence
             ... invoked by an orc priest
              (15 damage)
             ... on level 3 of the Dungeon.
             The game lasted 00:09:34 (1686 turns).

Rrauwl the Cudgeler (Gargoyle Gladiator)            Turns: 1686, Time: 00:09:37

Health: -8/26      AC:  5    Str: 21      XL:     4   Next: 22%
Magic:  4/4        EV:  6    Int:  9      God:
Gold:   103        SH: 13    Dex:  9 (10) Spells: 0 memorised, 3 levels left

rFire  + . .     SeeInvis .     a - +0 flail
rCold  . . .     Gourm    .     j - -1 leather armour (curse)
rNeg   + . .     Faith    .     g - +2 large shield
rPois  ∞         Spirit   .     (helmet restricted)
rElec  +         Reflect  .     (no cloak)
rCorr  .         Harm     .     (no gloves)
MR     .....                    (no boots)
Stlth  +.........               c - amulet of rage
                                (no ring)
                                (no ring)

@: exhausted, slowed, heavily drained, very slow
A: antennae 1, fire resistance 1, negative energy resistance 1, electricity
resistance, strong 1, unbreathing, petrification resistance, rot immunity, AC +3
a: Evoke Berserk Rage


You were on level 3 of the Dungeon.
You were hungry.

You visited 1 branch of the dungeon, and saw 3 of its levels.

You collected 103 gold pieces.

Inventory:

Hand Weapons
 a - a +0 flail (weapon)
Missiles
 d - 3 throwing nets (quivered)
 m - 79 stones
Armour
 b - a +0 leather armour
 g - a +2 large shield (worn)
 h - a +1 helmet
 j - a cursed -1 leather armour (worn)
Jewellery
 c - an amulet of rage (around neck)
 o - an uncursed amulet of harm
Wands
 e - a wand of iceblast (15/15)
Scrolls
 l - 2 scrolls of noise
 p - a scroll of identify
Potions
 k - 2 potions of curing
Comestibles
 f - 3 bread rations
 i - 2 beef jerkies
 n - 2 meat rations
 q - a fruit


   Skills:
 + Level 2.1(0.8) Fighting
 + Level 4.3(2.8) Maces & Flails
 - Level 1.7(0.4) Throwing
 + Level 0.7(0.0) Armour
 - Level 2.4(1.0) Dodging
 + Level 1.0(0.0) Stealth
 + Level 0.7(0.0) Shields
 + Level 0.8(0.0) Evocations


You had 3 spell levels left.
You didn't know any spells.

Dungeon Overview and Level Annotations

Branches:
Dungeon (3/15)

Altars:
Gozag


Innate Abilities, Weirdness & Mutations

You are resistant to torment.
Your stone body is resilient. (AC +3)
You are immune to poison.
You resist negative energy. (rN+)
You are resistant to electric shocks. (rElec)
You can survive without breathing.
You are immune to petrification.
You are immune to rotting.
You have a pair of small antennae on your head.
Your flesh is heat resistant. (rF+)
Your muscles are strong. (Str +2)


Message History

The orc priest hits you.
* * * LOW HITPOINT WARNING * * *
The orc shouts!
You sock the orc priest!
The orc priest is severely wounded.
You block the orc priest's attack. The orc priest hits you.
* * * LOW HITPOINT WARNING * * *
The orc priest mumbles some strange prayers to Beogh against you.
You barely resist. You closely miss the orc priest.
The orc priest is heavily wounded.
The orc priest hits you but does no damage. x2
You hit the orc priest.
The orc priest is severely wounded.
The orc priest hits you but does no damage.
You block the orc's attack.
The orc priest invokes the aid of Beogh against you.
Beogh smites you!
Ouch! That really hurt!
You die...

.###...###
#######..o## .#
#...# #.....#.....
##
#...#####.###.#....
##................
#.........###.###
#..)..........######
############........
####### #o######.##.
.......##@#####.....
..........o.).......
...###)#.###.#.....
#.#.# .# ###
#.........# ##
#...####..# ## #..#
#..# #..#


You could see an orc priest and an orc.

Vanquished Creatures
  2 adders
  A leopard gecko (D:2)
  7 orcs (D:3)
  4 bats
  3 giant cockroaches
  6 goblins
  2 hobgoblins
  2 jackals (D:1)
  A quokka (D:1)
  A ball python (D:2)
  2 frilled lizards
  4 kobolds (D:1)
  8 rats
43 creatures vanquished.

Notes
Turn   | Place    | Note
-------+----------+-------------------------------------------
     0 | D:1      | Rrauwl the Gargoyle Gladiator began the quest for the Orb.
     0 | D:1      | Reached XP level 1. HP: 12/12 MP: 1/1
   143 | D:1      | Reached XP level 2. HP: 17/17 MP: 2/2
   509 | D:1      | Reached skill level 4 in Maces & Flails
   552 | D:1      | Reached XP level 3. HP: 21/21 MP: 3/3
   827 | D:2      | Gained mutation: You have a pair of small antennae on your head. [potion of mutation]
   827 | D:2      | Gained mutation: Your muscles are strong. (Str +2) [potion of mutation]
   827 | D:2      | Gained mutation: Your flesh is heat resistant. (rF+) [potion of mutation]
   994 | D:2      | Found an opulent altar of Gozag.
  1445 | D:3      | Reached skill level 1 in Stealth
  1445 | D:3      | Reached XP level 4. HP: 9/26 MP: 4/4
  1686 | D:3      | Killed from afar by an orc priest

Skill      XL: |  1  2  3 |
---------------+----------+-----
Maces & Flails | 4 |  4.3
Stealth        | 1 |  1.0
Fighting       | |  2.1
Throwing       | |  1.7
Armour         | |  0.7
Dodging        | |  2.4
Shields        | |  0.7
Evocations     | |  0.8

Action                   |  1- 3 |  4- 6 || total
-------------------------+-------+-------++-------
Melee: Flail             |   130 |    25 ||   155
 Abil: Evoke Berserk Rag |       |     1 ||     1
  Use: Potion            |     5 |       ||     5
       Scroll            |     5 |       ||     5
  Eat: Chunk             |     2 |     1 ||     3
Armor: Leather armour    |    50 |     8 ||    58
Dodge: Dodged            |    46 |     2 ||    48
Block: Shield            |    13 |       ||    13
       Large shield      |    52 |    18 ||    70
